 Dungeon Crawl Stone Soup version 0.19-a0-742-g4563caa (webtiles) character file.

5 ololoev the Vexing (level 1, -1/15 (16) HPs)
             Began as a Ghoul Arcane Marksman on June 23, 2016.
             Slain by a giant gecko (2 damage)
             ... on level 1 of the Dungeon.
             The game lasted 00:00:55 (497 turns).

ololoev the Vexing (Ghoul Arcane Marksman)           Turns: 497, Time: 00:00:56

HP:   -1/15 (16)    AC:  2    Str: 14    XL:     1   Next: 80%
MP:   1/1           EV: 12    Int:  8    God:
Gold: 114           SH:  0    Dex:  8    Spells: 0 memorised, 2 levels left

rFire  . . .     SeeInvis .     e - +0 club
rCold  + . .     Gourm    .     a - +0 robe
rNeg   + + +     Faith    .     (no shield)
rPois  ∞         Spirit   .     (no helmet)
rElec  .         Dismiss  .     (no cloak)
rCorr  .         Reflect  .     (no gloves)
SustAt .         Harm     .     (no boots)
MR     .....                    (no amulet)
Stlth  +.........               (no ring)
                                (no ring)

@: rotting, not resistant to hostile enchantments, very unstealthy
A: rotting body, claws 1, carnivore 3, cold resistance 1, negative energy
resistance 3, slow regeneration 1, torment resistance, unbreathing
a: no special abilities


Innate Abilities, Weirdness & Mutations

Your body is rotting away.
You thrive on raw meat.
You are immune to poison.
You have sharp fingernails.
You are carnivorous and can eat meat at any time.
Your flesh is cold resistant. (rC+)
You are immune to negative energy. (rN+++)
You regenerate slowly when monsters are visible.
You are immune to unholy pain and torment.
You can survive without breathing.

Inventory:

Hand Weapons
 e - a +0 club (weapon)
Missiles
 c - a javelin (quivered)
 d - 2 throwing nets
Armour
 a - a +0 robe (worn)
Scrolls
 g - a scroll of fear {unknown}
 i - a scroll of remove curse {unknown}
 k - a scroll of enchant armour {unknown}
Potions
 b - 2 potions of curing {unknown}
 j - a potion of heal wounds {unknown}
Comestibles
 f - a meat ration
 h - a beef jerky


   Skills:
 + Level 1.4 Fighting
 + Level 0.1 Maces & Flails
 * Level 2.0 Throwing
 + Level 0.0 Armour
 + Level 1.8 Dodging
 - Level 1.0 Spellcasting
   Level 2.4 Hexes


You had 2 spell levels left.
You didn't know any spells.


You were on level 1 of the Dungeon.
You were not hungry.

You visited 1 branch of the dungeon, and saw 1 of its levels.

You collected 114 gold pieces.

..# #.##..≈...≈..##.#
#... .. #.
##....#..###.# ######.##
.. ####.#.## #.#
#........ ..
#####...####.# #.####.##
.............###.# #.#.
.................####'#'
#####.#..##########.....
#.#.....# #.....
#.#@##### ###.....
#####+#l### #.......
.......(..# #.##....
.......>..# #..'....
..........# ####....
............. ###..
............... #..
.......(..!.... ###
#+###..........

Notes
Turn   | Place    | Note
--------------------------------------------------------------
     0 | D:1      | ololoev the Ghoul Arcane Marksman began the quest for the Orb.
     0 | D:1      | Reached XP level 1. HP: 16/16 MP: 1/1
   497 | D:1      | Slain by a giant gecko

Dungeon Overview and Level Annotations

Branches:
Dungeon (1/15)

Altars:


Message History

As you open the door, it creaks loudly!
There is an open door here.
You now have 114 gold pieces (gained 16).
k - a scroll labeled VUSMI ZONAXTAM
There is an open door here.
You open the door.
A giant cockroach comes into view.
Found a black potion.
Found a stone staircase leading down.
A giant cockroach is nearby!
A giant cockroach is nearby!
A giant cockroach is nearby!
A bat comes into view.
There is an open door here.
A giant gecko comes into view.
Found a tourmaline ring.
The bat hits you but does no damage.
The giant cockroach bites you but does no damage.
There is a stone staircase leading down here.
You barely miss the giant cockroach. The bat hits you but does no damage.
The giant cockroach bites you. The bat hits you but does no damage.
The giant cockroach bites you.
You barely miss the giant cockroach. The bat hits you.
The giant cockroach barely misses you. The giant gecko closely misses you.
The giant cockroach closely misses you.
You barely miss the giant cockroach. The bat closely misses you.
The giant gecko barely misses you.
The giant cockroach waves its antennae.
The giant cockroach closely misses you.
You closely miss the giant cockroach. The bat hits you but does no damage.
The giant gecko bites you.
The giant cockroach bites you but does no damage.
The giant gecko barely misses you. The giant cockroach bites you.
You are too injured to fight recklessly!
You are too injured to fight recklessly!
You are too injured to fight recklessly!
You are too injured to fight recklessly!
You are too injured to fight recklessly!
You are too injured to fight recklessly!
You are too injured to fight recklessly!
You are too injured to fight recklessly!
You are too injured to fight recklessly!
The bat hits you but does no damage. The bat barely misses you.
The giant gecko barely misses you.
There is an open door here.
The bat barely misses you. The bat closely misses you.
You hit the bat.
The bat is moderately wounded.
The bat barely misses you. The bat hits you. The bat closely misses you.
You hit the bat.
You kill the bat!
The giant gecko closely misses you.
You miss the giant gecko. The giant gecko misses you.
You barely miss the giant gecko. The giant gecko bites you. x2
Throwing (i - inventory. (,) - cycle):
c - 5 javelins (quivered)
Press: ? - help, Shift-Dir - straight line, f - giant gecko
Aim: a giant gecko (clinging)
You throw a javelin.
The javelin closely misses the giant gecko.
The javelin hits the giant cockroach!
You kill the giant cockroach!
The giant gecko bites you but does no damage. x2
Throwing (i - inventory. (,) - cycle):
c - 4 javelins (quivered)
Press: ? - help, Shift-Dir - straight line, f/p - giant gecko
Aim: a giant gecko (clinging)
You throw a javelin.
The javelin hits the giant gecko but does no damage.
The giant gecko barely misses you.
Throwing (i - inventory. (,) - cycle):
c - 3 javelins (quivered)
Press: ? - help, Shift-Dir - straight line, f/p - giant gecko
Aim: a giant gecko (clinging)
You throw a javelin.
The javelin hits the giant gecko but does no damage.
The giant gecko bites you. The giant gecko barely misses you.
Throwing (i - inventory. (,) - cycle):
c - 2 javelins (quivered)
Press: ? - help, Shift-Dir - straight line, f/p - giant gecko
Aim: a giant gecko (clinging)
You throw a javelin.
The javelin closely misses the giant gecko.
The giant gecko bites you.
You die...

You could see a giant gecko.

Vanquished Creatures
  A giant cockroach (D:1)
  A goblin (D:1)
  A hobgoblin (D:1)
  A bat (D:1)
  A kobold (D:1)
  A toadstool (D:1)
6 creatures vanquished.

Vanquished Creatures (others)
  3 toadstools (D:1)
3 creatures vanquished.

Grand Total: 9 creatures vanquished

Action                   || total
-------------------------++-------
Melee: Club              ||    25
       Unarmed           ||     4
Throw: Javelin           ||     4
Armor: Robe              ||    12
Dodge: Dodged            ||    27

Vault maps used:
D:1:      ldierk_water_garden
